 Dungeon Crawl Stone Soup version 0.28-b1-1-g3c77fb2ed1 (webtiles) character file.

Game seed: 16342235813563486691

3050 McKennaii the Destroyer (level 9, -3/62 HPs)
             Began as a Demigod Conjurer on Jan 29, 2022.
             Shot with an arrow by a centaur (12 damage)
             ... on level 7 of the Dungeon.
             The game lasted 00:09:21 (8238 turns).

McKennaii the Destroyer (Demigod Conjurer)          Turns: 8238, Time: 00:09:22

Health: -3/62      AC:  6    Str: 12    XL:     9   Next: 31%
Magic:  0/24       EV: 12    Int: 32    God:
Gold:   429        SH:  0    Dex: 12    Spells: 16/23 levels left

rFire   + . .      SeeInvis .   k - +9 spear "Buchekh" {vorpal, rF+ rN+++ Will- Str+4}
rCold   + . .      Faith    .   (no shield)
rNeg    + + +      Spirit   .   a - +0 robe
rPois   .          Reflect  .   f - +0 helmet
rElec   .          Harm     .   p - +0 cloak
rCorr   .          Rampage  .   w - +0 pair of gloves
Will    .....                   o - +0 pair of boots
Stlth   ++........              (no amulet)
HPRegen 0.20/turn               v - ring of flight
MPRegen 0.19/turn               y - ring of protection from cold

@: flying
A: high mp 1, forlorn, divine attributes
a: no special abilities


You were on level 7 of the Dungeon.
You visited 1 branch of the dungeon, and saw 7 of its levels.

You collected 429 gold pieces.

Inventory:

Hand Weapons
 k - the +9 spear "Buchekh" (weapon) {vorpal, rF+ rN+++ Will- Str+4}
   (You found it on level 2 of the Dungeon)

   It inflicts extra damage upon your enemies.
   Str:       It affects your strength (+4).
   rF:        It protects you from fire.
   rN:        It renders you almost immune to negative energy.
   Will:      It decreases your willpower.
Armour
 a - a +0 robe (worn)
 f - a +0 helmet (worn)
 o - a +0 pair of boots (worn)
 p - a +0 cloak (worn)
 w - a +0 pair of gloves (worn)
Jewellery
 v - a ring of flight (left hand)
 y - a ring of protection from cold (right hand)
Wands
 m - a wand of flame (23)
 B - a wand of acid (3)
Scrolls
 b - 5 scrolls of identify {unknown}
 c - a scroll of enchant weapon {unknown}
 e - 2 scrolls of magic mapping {unknown}
 g - 4 scrolls of teleportation {unknown}
 i - a scroll of immolation {unknown}
 l - a scroll of amnesia {unknown}
 n - a scroll of fog {unknown}
Potions
 d - a potion of berserk rage {unknown}
 h - 3 potions of degeneration {unknown}
 j - 6 potions of heal wounds {unknown}
 q - a potion of ambrosia {unknown}
 r - a potion of attraction {unknown}
 s - a potion of haste {unknown}
 t - a potion of lignification {unknown}
 u - 2 potions of might {unknown}
 x - 2 potions of resistance {unknown}
 z - a potion of brilliance {unknown}
 A - a potion of curing {unknown}


   Skills:
 - Level 1.7 Dodging
 - Level 1.7 Stealth
 + Level 7.7 Spellcasting
 - Level 10.0 Conjurations


You had 16 spell levels left.
You knew the following spells:

 Your Spells              Type           Power      Damage    Failure   Level
a - Magic Dart            Conj           100%       1d8       1%          1
b - Searing Ray           Conj           100%       2d8       1%          2
c - Iskenderun's Mystic   Conj/Tloc      44%        2d10      4%          4

Your spell library contained the following spells:

 Spells                   Type           Power      Damage    Failure   Level
 Foxfire                  Conj/Fire      100%       2x1d9     1%          1
 Conjure Flame            Conj/Fire      44%        6-21      1%          3
 Dazzling Flash           Conj/Hex       88%        N/A       1%          3
 Flame Wave               Conj/Fire      44%        2d10      4%          4
 Fulminant Prism          Conj/Hex       22%        3d13      4%          4
 Inner Flame              Hex/Fire       12%        N/A       12%         3
 Tukima's Dance           Hex            12%        N/A       12%         3
 Passage of Golubria      Tloc           12%        N/A       36%         4
 Yara's Violent Unravell  Hex/Tmut       6%         3d5       71%         5
 Borgnjor's Revivificati  Necr           6%         N/A       100%        8
 Necromutation            Tmut/Necr      6%         N/A       100%        8
 Death's Door             Necr           6%         N/A       100%        9


Dungeon Overview and Level Annotations

Branches:
Dungeon (7/15)             Temple (0/1) D:4

Shops:
D:3 :


Innate Abilities, Weirdness & Mutations

You have an increased reservoir of magic. (+10% MP)
You shall have no god before yourself.
Your divine heritage dramatically boosts your attributes as you level up.


Message History

The centaur shouts!
The centaur wields a +0 shortbow.
The centaur shoots an arrow.
The arrow hits you.
The centaur shoots an arrow.
The arrow hits you.
Things that are here:
a +0 short sword; a +0 chain mail; an orc corpse You are too injured to fight recklessly!
Casting: Searing Ray (safe; 1% risk of failure)
Confirm with . or Enter, or press ? or * to list all spells.
Aiming: Magic Dart (safe; 1% risk of failure)
Press: ? - help, Shift-Dir - straight line, f - centaur
Aim: a centaur, wielding a +0 shortbow and quivering arrows (100% to hit)
The magic dart hits the centaur.
The centaur is lightly wounded.
Unknown command.
The centaur shoots an arrow.
The arrow completely misses you.
You hear an angry hiss.
Things that are here:
a +0 whip of freezing; a +0 robe; the kobold corpse of Pikel
Casting: Magic Dart (safe; 1% risk of failure)
Confirm with . or Enter, or press ? or * to list all spells.
Aiming: Magic Dart (safe; 1% risk of failure)
Press: ? - help, Shift-Dir - straight line, f/p - centaur
Aim: a centaur, wielding a +0 shortbow and quivering arrows (lightly wounded, 100% to hit)
The magic dart hits the centaur.
The centaur is moderately wounded.
The centaur shoots an arrow.
The arrow hits you!
* * * LOW HITPOINT WARNING * * *
Casting: Magic Dart (safe; 1% risk of failure)
Confirm with . or Enter, or press ? or * to list all spells.
Aiming: Magic Dart (safe; 1% risk of failure)
Press: ? - help, Shift-Dir - straight line, f/p - centaur
Aim: a centaur, wielding a +0 shortbow and quivering arrows (moderately wounded, 100% to hit)
The magic dart hits the centaur.
The centaur is heavily wounded.
The centaur shoots an arrow.
The arrow hits you!
* * * LOW HITPOINT WARNING * * *
The centaur shoots an arrow.
The arrow barely misses you.
A wyvern comes into view.
The centaur shoots an arrow.
The arrow hits you!
You die...

.5..#.#.# ...#.#.# ..
#.###.....#....
........l..?... #.# #c#
#.# #)# #@# #)# #)# #..
#..#.# ###.# #..#.# #....
#..#.# ###.#.#### #..#.#
#.#.#.##..
#..#.######.#.#.##.##
..###..#........#.#.##.#.


You could see a wyvern and a centaur.

Vanquished Creatures
  Pikel (D:7)
  Eustachio (D:6)
  The ghost of temujin the Magician, an amateur DjCj (D:3)
  2 orc warriors
  A hornet zombie (D:5)
  2 centaurs (D:6)
  5 ogres
  A necrophage (D:6)
  2 lemures (D:7)
  2 phantoms
  Blork the orc (D:5)
  A bullfrog (D:6)
  A scorpion (D:5)
  2 water moccasin skeletons (D:4)
  A bullfrog zombie (D:6)
  A centaur zombie (D:6)
  2 hounds (D:5)
  Crazy Yiuf (D:5)
  2 orc priests (D:6)
  2 gnoll shamans
  2 bullfrog skeletons
  A centaur skeleton (D:6)
  4 iguanas
  4 orc wizards
  2 hound skeletons
  Robin (D:3)
  4 howler monkey skeletons
  13 gnolls
  10 adders
  A shadow imp (D:5)
  2 white imps
  An adder skeleton (D:4)
  3 worms (D:2)
  3 dart slugs
  15 orcs
  A bat zombie (D:7)
  5 endoplasms
  9 giant cockroaches
  17 goblins
  9 hobgoblins
  A quokka (D:1)
  6 ball pythons
  2 bats (D:2)
  6 kobolds
  7 rats
  2 rat zombies (D:7)
163 creatures vanquished.

Notes
Turn   | Place    | Note
-------+----------+-------------------------------------------
     0 | D:1      | McKennaii the Demigod Conjurer began the quest for the Orb.
     0 | D:1      | Reached XP level 1. HP: 14/14 MP: 5/5
   305 | D:1      | Reached XP level 2. HP: 14/20 MP: 2/7
   308 | D:1      | Learned a level 2 spell: Searing Ray
   428 | D:1      | Reached skill level 4 in Conjurations
  1257 | D:2      | Reached XP level 3. HP: 26/26 MP: 6/9
  1780 | D:2      | Reached XP level 4. HP: 33/33 MP: 8/10
  2099 | D:2      | Identified the +9 spear "Buchekh" {vorpal, rF+ rN+++ Will-
                  | Str+4}
  2224 | D:3      | Reached skill level 5 in Conjurations
  2378 | D:3      | Found Cinif's Book Shoppe.
  2604 | D:3      | Found a runed translucent gate.
  2606 | D:3      | Found a runed translucent gate.
  2623 | D:3      | Found a runed translucent gate.
  2623 | D:3      | Noticed a phantom
  2852 | D:3      | Noticed Robin
  2882 | D:3      | Killed Robin
  3108 | D:3      | Noticed an ogre
  3110 | D:3      | Noticed temujin's ghost (amateur DjCj)
  3202 | D:3      | You fall into a shaft and drop 2 floors!
  3202 | D:5      | Entered Level 5 of the Dungeon
  3285 | D:5      | Reached XP level 5. HP: 38/38 MP: 8/12
  3289 | D:5      | Noticed Blork the orc
  3296 | D:5      | Killed Blork the orc
  3531 | D:4      | Noticed an ogre
  3537 | D:4      | Killed an ogre
  3538 | D:4      | Reached skill level 6 in Conjurations
  3538 | D:4      | Reached XP level 6. HP: 45/45 MP: 7/14
  3688 | D:4      | Found a staircase to the Ecumenical Temple.
  3996 | D:4      | Reached XP level 7. HP: 24/50 MP: 9/16
  4001 | D:4      | Learned a level 4 spell: Iskenderun's Mystic Blast
  4499 | D:3      | Reached skill level 7 in Conjurations
  4508 | D:3      | Killed temujin's ghost
  4996 | D:5      | Found a runed translucent door.
  4997 | D:5      | Noticed Crazy Yiuf
  5071 | D:5      | Reached skill level 8 in Conjurations
  5263 | D:5      | Reached skill level 5 in Spellcasting
  5270 | D:5      | Reached XP level 8. HP: 36/57 MP: 12/19
  5886 | D:5      | Killed Crazy Yiuf
  6112 | D:6      | Noticed Eustachio
  6121 | D:6      | Killed Eustachio
  6478 | D:6      | Reached skill level 9 in Conjurations
  7786 | D:7      | Reached skill level 10 in Conjurations
  7786 | D:7      | Reached XP level 9. HP: 62/62 MP: 10/22
  8158 | D:7      | Noticed Pikel
  8175 | D:7      | Killed Pikel
  8238 | D:7      | Shot with an arrow by a centaur

Illustrated notes

Levels and vault maps discovered:
D:1:      scummos_arrival_simple_fountains, layout_basic,
          hellmonk_ecumenical_altar_prayer_group
D:2:      layout_basic, minmay_tripent
D:3:      layout_basic, ebering_ghost_gozag, serial_shops,
          nicolae_shop_window_shopping, uniq_robin
D:4:      layout_basic, nicolae_hepliaklqana_hazy_memory,
          minmay_temple_entry_arrows, serial_glass, glass_columns_a,
          glass_columns_c
D:5:      layout_gridville, chequers_decorated_corner, hex_tiny,
          serial_park_tiny_2, grunt_decor_one_mirror, palyth_stone_intersect,
          st_stairs_4, hex_medium, uniq_crazy_yiuf_cottage, uniq_blork_the_orc
D:6:      layout_gridville, kennysheep_okawaru_gauntlet,
          mainiacjoe_overflow_cross_hatched, uniq_eustachio
D:7:      layout_basic, lemuel_zombie_altar_kikubaaqudgha,
          minmay_manual_monolith, uniq_pikel

Skill      XL: |  1  2  3  4  5  6  7  8  9 |
---------------+----------------------------+-----
Spellcasting   | 2 3 4 5 6 7 |  7.7
Conjurations   | 4 5 6 8 10 | 10.0
Dodging        | |  1.7
Stealth        | |  1.7

Action                   |  1- 3 |  4- 6 |  7- 9 || total
-------------------------+-------+-------+-------++-------
Melee: Unarmed           |    18 |       |       ||    18
       Punch             |     1 |     1 |     1 ||     3
       Spear             |       |    47 |   102 ||   149
 Cast: Magic Dart        |    79 |    64 |   122 ||   265
       Searing Ray       |       |     6 |    16 ||    22
       Iskenderun's Myst |       |       |    10 ||    10
 Stab: Sleeping          |       |     1 |       ||     1
Armor: Robe              |     8 |     4 |    24 ||    36
Dodge: Dodged            |    22 |    26 |    67 ||   115
